 Dungeon Crawl Stone Soup version 0.25-a0-890-g62861fb (webtiles) character file.

Game seed: 17936521516464493399, levelgen mode: deterministic

47875 MinDuChiJD the Bludgeoner (level 14, -5/132 HPs)
             Began as a Minotaur Berserker on May 5, 2020.
             Was the Champion of Trog.
             Slain by a skeletal warrior
             ... wielding a +0 trident
              (9 damage)
             ... while petrified by you
             ... on level 14 of the Dungeon.
             The game lasted 00:25:07 (14945 turns).

MinDuChiJD the Bludgeoner (Minotaur Berserker)     Turns: 14945, Time: 00:25:08

Health: -5/132     AC: 18    Str: 31    XL:     14   Next: 10%
Magic:  4/4        EV:  2    Int:  4    God:    Trog [******]
Gold:   388        SH:  0    Dex: 20    Spells: 13/13 levels left

rFire    . . .     SeeInvis .   D - +1 demon whip (elec)
rCold    . . .     Gourm    .   F - +0 tower shield
rNeg     + + +     Faith    .   H - +2 ring mail of Recklessness {+Blink rN++ MP-9 Dex+3}
rPois    ∞         Spirit   .   K - +2 hat
rElec    .         Reflect  .   A - +1 cloak
rCorr    .         Harm     .   (no gloves)
MR       +....                  g - +1 pair of boots
Stlth    +.........             z - amulet of the acrobat
HPRegen  0.32/turn              b - +4 ring of dexterity
MPRegen  0.09/turn              l - +3 ring of strength

@: petrified, berserk cooldown, slowed
A: retaliatory headbutt, horns 2, talons 1, agile 1, shaggy fur 1, strong 1,
MP-powered wands
a: Berserk, Trog's Hand, Brothers in Arms, Renounce Religion, Evoke Blink


You were on level 14 of the Dungeon.
You worshipped Trog.
Trog was exalted by your worship.
You were not hungry.

You visited 1 branch of the dungeon, and saw 14 of its levels.

You collected 887 gold pieces.
You spent 499 gold pieces at shops.

Inventory:

Hand Weapons
 r - a +0 morningstar of flaming
 D - a +1 demon whip of electrocution (weapon)
Missiles
 w - 478 stones (quivered)
Armour
 g - a +1 pair of boots (worn)
 o - the +3 scale mail of Kutal {rElec}
   (You found it on level 7 of the Dungeon)

   It insulates you from electricity.
 A - a +1 cloak (worn)
 F - a +0 tower shield (worn)
 H - the +2 ring mail of Recklessness (worn) {+Blink rN++ MP-9 Dex+3}
   (You found it on level 13 of the Dungeon)

   It affects your dexterity (+3).
   It greatly protects you from negative energy.
   It affects your magic capacity (-9).
   It lets you blink.
 K - a +2 hat (worn)
Jewellery
 b - a +4 ring of dexterity (left hand)
 k - an uncursed ring of protection from magic
 l - a +3 ring of strength (right hand)
 v - an uncursed ring of poison resistance
 y - an uncursed ring of stealth
 z - an amulet of the acrobat (around neck)
 B - an uncursed ring of resist corrosion
 G - an uncursed ring of magical power
 J - the amulet of Midnight {Reflect *Contam rPois rN+ SH+4, unknown}
   (You found it on level 13 of the Dungeon)

   [amulet of reflection]

   It shields you and reflects attacks.
   It protects you from poison.
   It protects you from negative energy.
   It causes magical contamination when unequipped.
   It affects your SH (+4).
Wands
 I - a wand of paralysis (6)
Scrolls
 a - 2 scrolls of random uselessness
 d - a scroll of magic mapping
 j - 6 scrolls of remove curse
 q - 2 scrolls of blinking
 C - 2 scrolls of teleportation
 E - a scroll of fog
Potions
 e - 3 potions of invisibility
 f - 5 potions of lignification
 h - 2 potions of resistance
 i - a potion of brilliance
 m - a potion of berserk rage
 n - 4 potions of cancellation
 p - 3 potions of curing
 s - 8 potions of heal wounds
 t - 2 potions of degeneration
 u - a potion of flight
 x - 2 potions of haste
 L - a potion of might
Comestibles
 c - 27 rations


   Skills:
 + Level 14.0 Fighting
 - Level 16.5 Maces & Flails
 + Level 13.8 Armour
 - Level 2.1 Dodging
 + Level 13.6 Shields


You had 13 spell levels left.
You didn't know any spells.
Your spell library was empty.

Dungeon Overview and Level Annotations

Branches:
Dungeon (14/15)            Temple (0/1) D:4            Lair (0/6) D:10
    Orc (0/2) D:9          Vaults (0/5) D:13

Altars:
Ashenzari
Elyvilon
Gozag
Kikubaaqudgha
Makhleb
Qazlal
Ru
Vehumet
Xom
Yredelemnul
The Shining One
Beogh

Shops:
D:6 [   D:7 }   D:10 }(}=   D:11 =   D:12 *

Annotations:
D:12 2 transporters, Cijiyg's ghost, journeyman TeVM


Innate Abilities, Weirdness & Mutations

You reflexively headbutt those who attack you in melee.
You have a pair of horns on your head.
You have sharp toenails.
You are agile. (Dex +2)
You are covered in fur. (AC +1)
Your muscles are strong. (Str +2)
You expend magic power (3 MP) to strengthen your wands.


Message History

* * * LOW HITPOINT WARNING * * *
The catoblepas breathes a plume of calcifying dust at you.
The blast of calcifying dust hits you but does no damage.
You are engulfed in calcifying dust.
The purple ugly thing is no longer petrified.
The skeletal warrior hits you but does no damage.
The purple ugly thing tail-slaps you but does no damage.
The catoblepas breathes a plume of calcifying dust at you.
The blast of calcifying dust hits you!
* * * LOW HITPOINT WARNING * * *
You are engulfed in calcifying dust.
The purple ugly thing tail-slaps you.
* * * LOW HITPOINT WARNING * * *
The skeletal warrior hits you with a +0 trident.
* * * LOW HITPOINT WARNING * * *
The catoblepas gores you!
* * * LOW HITPOINT WARNING * * *
You are engulfed in calcifying dust.
The purple ugly thing tail-slaps you!
* * * LOW HITPOINT WARNING * * *
The skeletal warrior hits you with a +0 trident!!
You die...

#.......##
##..###### #...#
##..## ##..##
#...#
..##########..##
#.....)Yu....##
..#.....@.....#
.......z####...#
........§ ##...#
......... #...#
.....>.... #...#
........Y. #..#
$....)..... #..
$......


You could see a catoblepas, a purple ugly thing and a skeletal warrior.

Vanquished Creatures
  Frances (D:14)
  Fannar (D:11)
  3 hydras
  8 centaur warriors
  2 tengu warriors (D:14)
  4 two-headed ogres
  Urug (D:10)
  4 skeletal warriors (D:14)
  3 unseen horrors
  A harpy (D:12)
  A necromancer (D:13)
  7 ugly things
  3 manticores
  2 deep elf magi
  6 cyclopes
  4 gargoyles
  5 centaur skeletons
  2 ice devils (D:11)
  A troll (D:9)
  A hornet (D:13)
  A raiju (shapeshifter) (D:14)
  6 slime creatures (D:14)
  6 hippogriffs
  A shadow (D:11)
  34 yaks
  A vampire (D:12)
  A wyvern (D:14)
  4 hogs (D:7)
  A human (D:7)
  2 wraiths
  3 basilisks
  2 vampire mosquitoes
  2 hungry ghosts (D:12)
  2 steam dragons
  An acid dragon (D:11)
  4 porcupines (D:10)
  11 orc warriors
  A black bear (D:8)
  4 sky beasts
  5 ice beasts
  7 phantoms
  11 ogres
  3 eyes of draining
  18 centaurs
  2 big kobolds
  3 bullfrogs
  A wyvern zombie (D:13)
  2 gnoll sergeants
  A wyvern skeleton (D:14)
  A scorpion (D:4)
  15 killer bees
  A wight (D:12)
  A howler monkey (D:9)
  6 crimson imps
  3 bullfrog zombies
  2 centaur zombies
  6 jellies
  10 hounds
  17 orc wizards
  A gnoll shaman (D:5)
  6 orc priests
  Crazy Yiuf (D:3)
  Terence (D:3)
  6 iguanas
  10 worker ants
  A hound skeleton (D:7)
  A howler monkey skeleton (D:11)
  2 worker ant zombies
  14 adders
  17 gnolls
  2 adder zombies
  2 worms (D:3)
  6 leopard geckos
  71 orcs
  5 giant cockroaches
  4 goblins
  4 hobgoblins
  8 jackals
  2 quokkas
  A ball python (D:5)
  2 bats (D:3)
  4 frilled lizards
  A giant cockroach zombie (D:6)
  20 kobolds
  2 leopard gecko skeletons
  4 rats
460 creatures vanquished.

Vanquished Creatures (others)
  16 fungi (D:10)
  11 plants (D:10)
27 creatures vanquished.

Grand Total: 487 creatures vanquished

Notes
Turn   | Place    | Note
-------+----------+-------------------------------------------
     0 | D:1      | MinDuChiJD the Minotaur Berserker began the quest for the
                  | Orb.
     0 | D:1      | Reached XP level 1. HP: 19/19 MP: 0/0
   252 | D:1      | Reached skill level 4 in Maces & Flails
   260 | D:1      | Reached XP level 2. HP: 24/26 MP: 1/1
   725 | D:2      | Reached skill level 5 in Maces & Flails
   725 | D:2      | Reached XP level 3. HP: 31/31 MP: 2/2
  1151 | D:2      | Reached skill level 6 in Maces & Flails
  1151 | D:2      | Reached XP level 4. HP: 33/39 MP: 3/3
  1234 | D:2      | Reached ** piety under Trog
  1789 | D:2      | Found a burning altar of Makhleb.
  1798 | D:2      | Reached skill level 7 in Maces & Flails
  1798 | D:2      | Reached XP level 5. HP: 45/45 MP: 4/4
  2278 | D:3      | Found a runed translucent door.
  2279 | D:3      | Noticed Crazy Yiuf
  2500 | D:3      | Noticed Terence
  2512 | D:3      | Killed Terence
  2604 | D:3      | Reached skill level 8 in Maces & Flails
  2859 | D:3      | Killed Crazy Yiuf
  2859 | D:3      | Reached XP level 6. HP: 47/51 MP: 5/5
  2897 | D:3      | Gained mutation: You are covered in fur. (AC +1) [potion of
                  | mutation]
  2897 | D:3      | Gained mutation: You possess an exceptional clarity of
                  | mind. [potion of mutation]
  3141 | D:4      | Reached skill level 9 in Maces & Flails
  3319 | D:4      | Found a staircase to the Ecumenical Temple.
  3333 | D:4      | Reached XP level 7. HP: 57/57 MP: 6/6
  3396 | D:4      | Reached *** piety under Trog
  3484 | D:4      | Reached skill level 10 in Maces & Flails
  3817 | D:4      | Found a glowing golden altar of the Shining One.
  3909 | D:5      | Entered Level 5 of the Dungeon
  4045 | D:5      | Reached skill level 11 in Maces & Flails
  4701 | D:5      | Reached XP level 8. HP: 54/64 MP: 7/7
  4824 | D:5      | Found a radiant altar of Vehumet.
  4950 | D:6      | Reached skill level 12 in Maces & Flails
  5019 | D:6      | Reached **** piety under Trog
  5169 | D:6      | Found Amaumug's Armour Shop.
  5194 | D:6      | Reached skill level 13 in Maces & Flails
  5785 | D:7      | Reached XP level 9. HP: 70/70 MP: 8/8
  5798 | D:7      | Found an opulent altar of Gozag.
  5806 | D:7      | Found a sand-covered staircase.
  5965 | D:7      | Killed an unseen horror
  5965 | D:7      | Reached skill level 14 in Maces & Flails
  6484 | D:7      | Found an ancient bone altar of Kikubaaqudgha.
  6631 | D:7      | Reached skill level 15 in Maces & Flails
  7035 | D:7      | Reached skill level 16 in Maces & Flails
  7167 | D:7      | Found Pobuetu's Gadget Boutique.
  7373 | D:7      | Got a distressingly furry scale mail
  7384 | D:7      | Identified the +3 scale mail of Kutal {rElec} (You found it
                  | on level 7 of the Dungeon)
  7411 | D:7      | Lost mutation: You possess an exceptional clarity of mind.
                  | [potion of mutation]
  7411 | D:7      | Gained mutation: You have sharp toenails. [potion of
                  | mutation]
  7411 | D:7      | Gained mutation: Your magical capacity is low. (-10% MP)
                  | [potion of mutation]
  7411 | D:7      | Lost mutation: Your magical capacity is low. (-10% MP)
                  | [potion of mutation]
  7411 | D:7      | Gained mutation: You are partially covered in iridescent
                  | scales. (AC +2) [potion of mutation]
  7509 | D:8      | Found a white marble altar of Elyvilon.
  7552 | D:8      | Reached XP level 10. HP: 77/77 MP: 9/9
  7775 | D:8      | Reached ***** piety under Trog
  7845 | D:8      | Noticed a cyclops
  7852 | D:8      | Killed a cyclops
  7852 | D:8      | Reached skill level 1 in Shields
  8414 | D:9      | Reached skill level 5 in Fighting
  8486 | D:9      | Found a roughly hewn altar of Beogh.
  8493 | D:9      | Received a gift from Trog
  8511 | D:9      | Found a staircase to the Orcish Mines.
  8650 | D:9      | Noticed a six-headed hydra
  8656 | D:9      | Reached skill level 5 in Armour
  8667 | D:9      | Killed a six-headed hydra
  8667 | D:9      | Reached skill level 5 in Shields
  9249 | D:9      | Found a sacrificial altar of Ru.
  9270 | D:10     | Entered Level 10 of the Dungeon
  9287 | D:10     | Found Aheur's Gadget Shoppe.
  9288 | D:10     | Noticed Urug
  9306 | D:10     | Killed Urug
  9612 | D:10     | Found Gubbalag's Jewellery Emporium.
  9642 | D:10     | Found Ytoe's Weapon Emporium.
  9645 | D:10     | Reached XP level 11. HP: 91/92 MP: 10/10
  9921 | D:10     | Found a staircase to the Lair.
 10052 | D:10     | Found Guplunax's Gadget Shop.
 10124 | D:11     | Noticed a brown ugly thing
 10128 | D:11     | Killed a brown ugly thing
 10302 | D:11     | Found a frozen archway.
 10347 | D:11     | Found Juatwug's Jewellery Boutique.
 10348 | D:11     | Noticed Fannar
 10386 | D:11     | Killed Fannar
 10618 | D:11     | Received a gift from Trog
 11019 | D:11     | Bought a +3 ring of strength for 251 gold pieces
 11065 | D:11     | Found a shattered altar of Ashenzari.
 11092 | D:11     | Reached skill level 10 in Fighting
 11092 | D:11     | Reached XP level 12. HP: 84/106 MP: 11/11
 11389 | D:12     | Reached skill level 10 in Armour
 11794 | D:12     | Found Dasia's Assorted Antiques.
 11811 | D:12     | Bought a potion of mutation for 248 gold pieces
 11838 | D:12     | Found a shattered altar of Ashenzari.
 11839 | D:12     | Found a radiant altar of Vehumet.
 11842 | D:12     | Found a basalt altar of Yredelemnul.
 11842 | D:12     | Found a stormy altar of Qazlal.
 11846 | D:12     | Paralysed by an orc warrior for 5 turns
 11857 | D:12     | Reached skill level 10 in Shields
 12075 | D:12     | Reached ****** piety under Trog
 12491 | D:12     | Noticed a centaur warrior
 12509 | D:12     | Killed a centaur warrior
 12677 | D:12     | Got a crude brass ring
 12774 | D:12     | Noticed Cijiyg's ghost (journeyman TeVM)
 12779 | D:12     | Found a transporter.
 12783 | D:12     | Found a transporter.
 12874 | D:12     | Noticed a centaur warrior
 12880 | D:12     | Killed a centaur warrior
 12932 | D:12     | Noticed a two-headed ogre
 12937 | D:12     | Killed a two-headed ogre
 12994 | D:12     | Identified the cursed ring "Ninwusae" {rPois Dex-2} (You
                  | found it on level 12 of the Dungeon)
 13016 | D:12     | Lost mutation: You are covered in fur. (AC +1) [potion of
                  | mutation]
 13016 | D:12     | Lost mutation: You have sharp toenails. [potion of
                  | mutation]
 13016 | D:12     | Lost mutation: You are partially covered in iridescent
                  | scales. (AC +2) [potion of mutation]
 13016 | D:12     | Gained mutation: You occasionally shout uncontrollably at
                  | your foes. [potion of mutation]
 13016 | D:12     | Gained mutation: You are agile. (Dex +2) [potion of
                  | mutation]
 13016 | D:12     | Gained mutation: You are very agile. (Dex +4) [potion of
                  | mutation]
 13017 | D:12     | Lost mutation: You are very agile. (Dex +4) [potion of
                  | mutation]
 13017 | D:12     | Gained mutation: You expend magic power (3 MP) to
                  | strengthen your wands. [potion of mutation]
 13017 | D:12     | Gained mutation: Your flesh is heat resistant. (rF+)
                  | [potion of mutation]
 13017 | D:12     | Gained mutation: Your muscles are strong. (Str +2) [potion
                  | of mutation]
 13017 | D:12     | Gained mutation: You have large cloven feet. [potion of
                  | mutation]
 13018 | D:12     | Lost mutation: You have large cloven feet. [potion of
                  | mutation]
 13018 | D:12     | Lost mutation: You occasionally shout uncontrollably at
                  | your foes. [potion of mutation]
 13018 | D:12     | Lost mutation: Your flesh is heat resistant. (rF+) [potion
                  | of mutation]
 13018 | D:12     | Gained mutation: You are covered in fur. (AC +1) [potion of
                  | mutation]
 13018 | D:12     | Gained mutation: You have sharp toenails. [potion of
                  | mutation]
 13032 | D:13     | Noticed a centaur warrior
 13038 | D:13     | Noticed a centaur warrior
 13040 | D:13     | Killed a centaur warrior
 13040 | D:13     | Reached XP level 13. HP: 118/118 MP: 12/12
 13074 | D:13     | Got a warped ring mail
 13075 | D:13     | Identified the +2 ring mail of Recklessness {+Blink rN++
                  | MP-9 Dex+3} (You found it on level 13 of the Dungeon)
 13146 | D:13     | Received a gift from Trog
 13673 | D:13     | Got an ancient lead amulet
 13724 | D:13     | Found a gate to the Vaults.
 13814 | D:13     | Found a basalt altar of Yredelemnul.
 13815 | D:13     | Found a shimmering altar of Xom.
 14093 | D:14     | Noticed Frances
 14103 | D:14     | Killed Frances
 14584 | D:14     | Reached XP level 14. HP: 81/130 MP: 4/13
 14945 | D:14     | HP: 4/132 [purple ugly thing (4)]
 14945 | D:14     | Slain by a skeletal warrior

Levels and vault maps discovered:
D:1:      minmay_arrival_solitary_statue, layout_rooms
D:2:      layout_basic, makhleb_grotto_becter, first_ration, kennysheep_nub,
          minmay_pentomino_q2
D:3:      layout_basic, nrook_mini_vaults, uniq_crazy_yiuf_cottage, uniq_terence
D:4:      cheibrodos_pilgrimage, layout_gridville, overflow_temple_1_default,
          minmay_temple_entry_junction_2, grunt_decor_arrowhead
D:5:      layout_basic, kennysheep_little_box, st_stairs_14
D:6:      layout_rooms, serial_shops, shop
D:7:      layout_basic, lemuel_round_altar, kennysheep_mini, serial_shops, shop,
          nicolae_ossuary_entry_monument, grunt_livestock
D:8:      minmay_cornered_nines, layout_rooms, elyvilon_altar_1
D:9:      layout_small_grid, david_orc_5, nicolae_ru_path_of_blood
D:10:     layout_roguey, grunt_lair_entry_orc_guard_hut, serial_shops,
          nicolae_shop_statue_plus, nicolae_shop_stone, shop_statue,
          nicolae_shop_stone, uniq_urug
D:11:     layout_basic, portal_ice_cave_demonic_guard, serial_shops, shop,
          evilmike_ruin_ashenzari, uniq_fannar
D:12:     minmay_the_grid_octo_tiled_octocenter_mashed
          [minmay_the_grid_octo_clover_2, minmay_the_grid_octo_shrine,
          minmay_the_grid_octo_thin_diamonds,
          minmay_the_grid_octo_tetromino_candy,
          minmay_the_grid_octo_prize_big_c,
          minmay_the_grid_square_5x5_tri_point,
          minmay_the_grid_square_5x5_almost_minimal,
          minmay_the_grid_square_5x5_intrusive_squares,
          minmay_the_grid_square_5x5_slash], layout_cave_pools, serial_shops,
          nicolae_shop_overgrown_old_shop, gammafunk_ghost_hive
D:13:     layout_rooms, david_vaults_1, basic_altar, xom_confusion_cloud
D:14:     layout_cave_pods, uniq_frances

Skill      XL: |  1  2  3  4  5  6  7  8  9 10 11 12 13 14 |
---------------+-------------------------------------------+-----
Maces & Flails | 4 5 6 7 8 9 11 13 16 | 16.5
Fighting       | 7 10 12 13 14 | 14.0
Armour         | 6 9 11 13 | 13.8
Shields        | 5 9 11 13 | 13.6
Dodging        | |  2.1

Action                   |  1- 3 |  4- 6 |  7- 9 | 10-12 | 13-15 || total
-------------------------+-------+-------+-------+-------+-------++-------
Melee: Mace              |    70 |   113 |   332 |    22 |       ||   537
       Headbutt          |     6 |    16 |    77 |   152 |   107 ||   358
       Demon whip        |       |       |       |   598 |   256 ||   854
Invok: Berserk           |       |     1 |     4 |     9 |     6 ||    20
  Use: Scroll            |       |    15 |    10 |     6 |     2 ||    33
       Potion            |       |     1 |     1 |     3 |     1 ||     6
 Stab: Petrifying        |       |       |       |       |     3 ||     3
  Eat: Ration            |       |     1 |     2 |     5 |     1 ||     9
       Chunk             |       |     5 |     9 |    10 |     9 ||    33
Armor: Animal skin       |     2 |       |       |       |       ||     2
       Chain mail        |    38 |    46 |    29 |       |       ||   113
       Plate armour      |       |       |   160 |       |       ||   160
       Scale mail        |       |       |    13 |   210 |     4 ||   227
       Ring mail         |       |       |       |       |    68 ||    68
Dodge: Dodged            |    44 |    42 |   148 |   155 |    68 ||   457
Block: Buckler           |       |       |       |    33 |       ||    33
       Tower shield      |       |       |       |   311 |   256 ||   567

Table legend:
 A = Non-vault XP
 B = Vault XP
 C = Vault XP percentage of total XP
 D = Non-vault monster count
 E = Vault monster count
 F = Vault count percentage of total count
                 A         B        C        D         E       F
            +---------+---------+-------+---------+---------+-------
      Total |   49990 |   18404 |  26.9 |     374 |      86 |  18.7
            +---------+---------+-------+---------+---------+-------
        D:1 |      19 |       0 |   0.0 |      10 |       0 |   0.0
        D:2 |     195 |      66 |  25.3 |      31 |       3 |   8.8
        D:3 |      53 |      76 |  58.9 |      15 |       2 |  11.8
        D:4 |     652 |      92 |  12.4 |      21 |       5 |  19.2
        D:5 |     395 |       3 |   0.8 |      12 |       1 |   7.7
        D:6 |    1132 |       0 |   0.0 |      32 |       0 |   0.0
        D:7 |    1305 |    1002 |  43.4 |      14 |       5 |  26.3
        D:8 |    1121 |     797 |  41.6 |      24 |       3 |  11.1
        D:9 |    2444 |     533 |  17.9 |      24 |      22 |  47.8
       D:10 |    2753 |    1426 |  34.1 |      26 |       5 |  16.1
       D:11 |    6858 |    1683 |  19.7 |      58 |       3 |   4.9
       D:12 |    8197 |    7040 |  46.2 |      42 |      22 |  34.4
       D:13 |   11049 |    3485 |  24.0 |      28 |      14 |  33.3
       D:14 |   13817 |    2201 |  13.7 |      37 |       1 |   2.6
            +---------+---------+-------+---------+---------+-------
